 Dungeon Crawl Stone Soup version 0.31-a0-1336-g7fd7ca34b5 (webtiles) character file.

Game seed: 8246530574966272931

111743 inmateoo the Severer (level 16, -9/147 HPs)
             Began as a Minotaur Fighter on Dec 21, 2023.
             Was the Champion of the Shining One.
             Killed from afar by a frost giant (33 damage)
             ... with a bolt of cold
             ... on level 11 of the Dungeon.
             The game lasted 00:26:51 (20694 turns).

inmateoo the Severer (Minotaur Fighter)            Turns: 20694, Time: 00:26:52

Health: -9/147     AC: 19    Str: 23    XL:     16   Next: 10%
Magic:  28/31      EV: 15    Int:  5    God:    the Shining One [******]
Gold:   1484       SH: 13    Dex: 14    Spells: 15/15 levels left

rFire   + + .        j - +5 hand axe (flame)
rCold   . . .        L - +0 kite shield
rNeg    + + +        M - +2 scale mail {rF+}
rPois   +            H - +0 hat "Yrrody" {rElec Dex-4}
rElec   +            l - +2 cloak
rCorr   .            k - +0 pair of gloves
SInv    .            a - +1 pair of boots
Will    +....        N - amulet "Ohycat" {Regen+ MP+9 Dex+2} Stlth
                     t - ring of protection from fire
HPRegen 1.24/turn    b - ring of poison resistance
MPRegen 0.22/turn

%: no passive effects
@: slowed, glowing, studying Unarmed Combat, very slow
A: horns 2, retaliatory headbutt, wild magic 1, MP-powered wands
a: Renounce Religion, Divine Shield, Cleansing Flame, Summon Divine Warrior,
Brand Weapon With Holy Wrath


You were on level 11 of the Dungeon.
You worshipped the Shining One.
The Shining One was exalted by your worship.
You visited 3 branches of the dungeon, and saw 21 of its levels.
You visited the Abyss 1 time.
You also visited: Sewer, Ossuary, Bailey and Gauntlet.

You collected 1863 gold pieces.
You spent 379 gold pieces at shops.

Inventory:

Hand Weapons
 j - a +5 hand axe of flaming (weapon)
 F - a +2 broad axe of electrocution
Missiles
 A - 5 throwing nets (quivered)
Armour
 a - a +1 pair of boots (worn)
 k - a +0 pair of gloves (worn)
 l - a +2 cloak (worn)
 H - the +0 hat "Yrrody" (worn) {rElec Dex-4}
   (You acquired it on level 5 of the Lair of Beasts)

   Dex-4:     It affects your dexterity (-4).
   rElec:     It insulates you from electricity.
 L - a +0 kite shield (worn)
 M - a +2 scale mail of fire resistance (worn)
Jewellery
 b - a ring of poison resistance (right hand)
 s - a ring of fire
 t - a ring of protection from fire (left hand)
 N - the amulet "Ohycat" (around neck) {Regen+ MP+9 Dex+2}
   (You found it in a Gauntlet)

   [amulet of regeneration]

   Dex+2:     It affects your dexterity (+2).
   MP+9:      It affects your magic capacity (+9).
   Regen+:    It increases your rate of health regeneration.
Wands
 c - a wand of digging (1)
 w - a wand of paralysis (40)
 x - a wand of acid (31)
 z - a wand of iceblast (13)
 R - a wand of flame (3)
Scrolls
 m - 3 scrolls of poison
 n - 4 scrolls of butterflies
 q - 6 scrolls of amnesia
 y - a scroll of brand weapon
 C - 4 scrolls of fog
 D - 8 scrolls of teleportation
 E - 2 scrolls of enchant armour
 P - 2 scrolls of blinking
 U - 3 scrolls of immolation
 V - a scroll of vulnerability
Potions
 d - 3 potions of might
 e - 2 potions of mutation
 f - 6 potions of enlightenment
 g - a potion of magic
 h - 13 potions of curing
 i - 5 potions of haste
 o - 2 potions of invisibility
 p - a potion of ambrosia
 r - 6 potions of heal wounds {unknown}
 u - 5 potions of attraction {unknown}
 v - a potion of degeneration {unknown}
 I - a potion of berserk rage
 J - 8 potions of lignification {unknown}
 K - a potion of brilliance


   Skills:
 + Level 14.5 Fighting
 * Level 18.9 Axes
 + Level 14.3 Armour
 + Level 12.4 Dodging
 + Level 14.0 Shields
 + Level 9.9 Invocations


You had 15 spell levels left.
You didn't know any spells.
Your spell library contained the following spells:

 Spells                   Type           Power      Damage    Failure   Level
 Blink                    Tloc           0%         N/A       96%         2
 Call Imp                 Summ           0%         N/A       96%         2
 Lesser Beckoning         Tloc           0%         N/A       96%         2
 Momentum Strike          Conj/Tloc      0%         3d8       96%         2
 Static Discharge         Conj/Air       0%         3-3/arc   96%         2
 Sublimation of Blood     Necr           0%         N/A       96%         2
 Gell's Gravitas          Tloc           0%         N/A       99%         3
 Inner Flame              Hex/Fire       0%         N/A       99%         3
 Teleport Other           Tloc           0%         N/A       99%         3
 Volatile Blastmotes      Fire/Tloc      0%         2d10      99%         3
 Airstrike                Air            0%         2d(0-16)  100%        4
 Flame Wave               Conj/Fire      0%         2d4       100%        4
 Manifold Assault         Tloc           0%         N/A       100%        4
 Olgreb's Toxic Radiance  Alch           0%         N/A       100%        4
 Petrify                  Alch/Erth      0%         N/A       100%        4
 Sticky Flame             Fire/Alch      0%         2d4       100%        4
 Summon Lightning Spire   Summ/Air       0%         N/A       100%        4
 Vhi's Electric Charge    Tloc/Air       0%         N/A       100%        4
 Arcjolt                  Conj/Air       0%         1d10      100%        5
 Irradiate                Conj/Alch      0%         3d11      100%        5
 Dispersal                Tloc           0%         N/A       100%        6
 Plasma Beam              Fire/Air       0%         2x1d10    100%        6
 Starburst                Conj/Fire      0%         6d3       100%        6
 Ozocubu's Refrigeration  Ice            0%         4d7       100%        7
 Summon Hydra             Summ           0%         N/A       100%        7
 Discord                  Hex            0%         N/A       100%        8
 Disjunction              Tloc           0%         N/A       100%        8


Dungeon Overview and Level Annotations

Branches:
Dungeon (15/15)            Temple (1/1) D:7            Lair (5/5) D:10
  Swamp (0/4) Lair:3        Snake (0/4) Lair:2        Slime (0/5) Lair:5
    Orc (0/2) D:10         Vaults (0/5) D:14         Depths (0/4) D:15
  Sewer (visited)         Ossuary (visited)          Bailey (visited)
Gauntlet (visited)

Altars:
Ashenzari
Cheibriados
Dithmenos
Elyvilon
Fedhas
Gozag
Hepliaklqana
Kikubaaqudgha
Makhleb
Nemelex Xobeh
Okawaru
Qazlal
Ru
Sif Muna
Trog
Uskayaw
Vehumet
Wu Jian
Xom
Yredelemnul
Zin
The Shining One
Jiyva

Shops:
D:8 :   D:9 *(   D:10 ?

Portals:
Abyss: D:3
Trove: D:15 (give +3 fire dragon scales)

Annotations:
D:11 1 runed translucent door
D:15 3 runed translucent doors, Behejivea's ghost, adept DsEE
Lair:4 exclusion: oklob plant


Innate Abilities, Weirdness & Mutations

You have a pair of horns on your head.
You reflexively headbutt those who attack you in melee.
Your spells are a little harder to cast, but a little more powerful.
You expend magic power (3 MP) to strengthen your wands.


Message History

You block the catoblepas's attack. You block the frost giant's attack.
You slash the frost giant! You burn the frost giant.
You headbutt the frost giant, but do no damage.
The frost giant is severely wounded.
You hit the catoblepas. You burn the catoblepas.
You block the frost giant's attack. The catoblepas gores you!!
You hit the frost giant but do no damage.
The frost giant is severely wounded.
You hit the catoblepas. You burn the catoblepas.
The catoblepas breathes a plume of calcifying dust at you.
The blast of calcifying dust hits you but does no damage.
The frost giant hits you with a +0 battleaxe of freezing!!
The frost giant freezes you.
You hit the frost giant but do no damage.
The frost giant is severely wounded.
You hit the catoblepas but do no damage.
You are engulfed in calcifying dust.
The frost giant hits you with a +0 battleaxe of freezing!!
The frost giant freezes you.
The catoblepas breathes a plume of calcifying dust at you.
The blast of calcifying dust hits you but does no damage.
The catoblepas misses your angel.
The frost giant closely misses your angel.
Your angel is engulfed in calcifying dust.
Your angel is moving more slowly.
Your angel hits the frost giant with a +3 whip of holy wrath!
Your angel hits the frost giant with a +3 whip of holy wrath.
The catoblepas breathes a plume of calcifying dust at your angel.
The blast of calcifying dust hits your angel but does no damage.
The frost giant casts a spell at you. The bolt of cold hits your angel!!!
The bolt of cold hits you!!!
* * * LOW HITPOINT WARNING * * *
Unknown command.
Unknown command.
Your angel is engulfed in calcifying dust.
Your angel stops moving altogether!
Your angel is engulfed in calcifying dust.
The frost giant points at you and mumbles some strange words.
The bolt of cold hits your angel!! The bolt of cold hits you!!
You die...

........#.##..###.#####....#.....
..........+.♣..♣#######..........
.###......#......8#..!#..........
..........#####...."$.#..........
.###..#.......##.8#####..........
...#........⌠..#CY.8#............
......#.......##A8#####...[......
####.##...#####§...$..##.)))###..
####.##...#)♣.§.@8#$)###.#.......
......#...)).§♣..##.##.#.#.####.#
####.##..####.....$:#..#.#.####.#
+.##.##..##.#########..#.#......#
#.#####..................#.##.#.#
#........###.##.....<))..........
#........###.#........)).#.##.###
.............#......##..........#
.#.......#...#......##...#.######


You could see a frost giant (ally target), a catoblepas and a friendly angel
(summoned, petrified).

Vanquished Creatures
  2 very ugly things (Abyss:3)
  Nessos (Lair:4)
  A minotaur (Gauntlet)
  A green death (Gauntlet)
  Josephine (D:15)
  An entropy weaver (shapeshifter) (D:13)
  A rakshasa (D:15)
  A great orb of eyes (Gauntlet)
  5 boulder beetles
  6 hydras
  6 centaur warriors
  The ghost of bumbalina the Skirmisher, a journeyman DsHu of Hepliaklqana (D:10)
  2 catoblepae
  An ogre mage (D:15)
  6 two-headed ogres
  2 dancing weapons
  A thrashing horror (Abyss:3)
  A tengu warrior (D:15)
  6 occultists
  6 death yaks
  Amaemon (Lair:3)
  A skyshark (Lair:5)
  A fire crab (D:10)
  A wretched star (Abyss:3)
  2 goliath frogs (Lair:5)
  3 arcanists (D:13)
  2 spriggan druids (Lair:3)
  A lindwurm (Lair:1)
  A necromancer (D:15)
  6 deep elf pyromancers
  Maurice (D:9)
  6 cyclopes
  9 ugly things
  5 manticores
  A worldbinder (Abyss:3)
  22 elephants
  25 cane toads
  5 black mambas
  2 orange demons
  3 apocalypse crabs (Abyss:3)
  The ghost of AceOff the Shield-Bearer, a novice FoFi (D:3)
  2 centaur skeletons (D:15)
  A torpor snail (Lair:2)
  2 unseen horrors (D:12)
  Jeremiah (D:6)
  3 rime drakes
  5 komodo dragons
  4 large abominations (Abyss:3)
  2 unseen horror zombies (D:8)
  2 efreet
  2 freezing wraiths (D:15)
  3 meliai (D:14)
  2 ancient zymes (Abyss:3)
  A tengu conjurer (D:15)
  3 polar bears
  3 trolls
  A wolf spider simulacrum (D:15)
  4 raiju (Abyss:3)
  42 blink frogs
  A tyrant leech (Lair:5)
  4 slime creatures (D:12)
  A blink frog (shapeshifter) (D:13)
  A centaur simulacrum (D:15)
  6 spriggans
  A vampire (D:11)
  A shadow (D:10)
  7 wraiths
  A ynoxinul (Abyss:3)
  27 yaks
  4 small abominations
  4 wyverns
  5 basilisks
  A human (shapeshifter) (D:15)
  10 vampire mosquitoes
  3 steam dragons
  Edmund (D:5)
  3 nagas (Lair:2)
  11 water moccasins
  2 acid dragons
  3 ice beasts
  5 black bears
  A hornet zombie (D:8)
  6 orc warriors
  A sky beast (D:6)
  11 ogres
  13 centaurs
  16 wolves
  A kobold brigand (D:7)
  Blork the orc (D:4)
  22 bullfrogs
  2 gnoll sergeants
  4 scorpions
  A wyvern zombie (D:8)
  2 water moccasin zombies (Ossuary)
  18 wights
  6 killer bees (D:10)
  3 electric eels
  6 howler monkeys
  A crimson imp (D:3)
  3 centaur zombies (D:8)
  6 hounds
  7 jellies
  6 orc priests
  3 gnoll boudas
  5 iguanas
  A sleepcap (D:8)
  13 orc wizards
  2 crocodile zombies (Ossuary)
  2 mummies (Ossuary)
  A howler monkey zombie (D:8)
  Robin (D:2)
  27 gnolls
  4 river rats (Sewer)
  9 adders
  A white imp (D:6)
  A bombardier beetle (D:4)
  5 ufetubi
  4 adder zombies (Ossuary)
  A worm (D:3)
  2 dart slugs
  41 orcs
  8 endoplasms
  2 giant cockroaches
  3 gnoll zombies (Ossuary)
  17 goblins
  10 hobgoblins
  2 quokkas (D:4)
  12 ball pythons
  4 bats
  3 frilled lizards
  3 hobgoblin zombies (Ossuary)
  10 kobolds
  6 kobold zombies (Ossuary)
  3 orc zombies (Ossuary)
  20 rats
699 creatures vanquished.

Vanquished Creatures (collateral kills)
  A lich (D:11)
  A stone giant (D:11)
  The ghost of TobyConnect the Zephyrmancer, a journeyman TeAE of Hepliaklqana (D:11)
  2 skeletal warriors (D:11)
  A necromancer (D:11)
  A vampire (D:11)
  A wraith (D:11)
8 creatures vanquished.

Vanquished Creatures (others)
  A small abomination (Abyss:3)
  A howler monkey (D:4)
  A hound (D:4)
  2 endoplasms (D:4)
  A giant cockroach (D:4)
  A quokka (D:4)
7 creatures vanquished.

Grand Total: 714 creatures vanquished

Notes
Turn   | Place    | Note
-------+----------+-------------------------------------------
     0 | D:1      | inmateoo the Minotaur Fighter began the quest for the Orb.
     0 | D:1      | Reached XP level 1. HP: 19/19 MP: 0/0
   222 | D:1      | Reached XP level 2. HP: 26/27 MP: 1/1
   350 | D:2      | Noticed Robin
   351 | D:2      | Reached skill level 3 in Axes
   372 | D:2      | Killed Robin
   373 | D:2      | Reached skill level 1 in Dodging
   373 | D:2      | Reached XP level 3. HP: 16/33 MP: 2/2
  1211 | D:3      | Reached XP level 4. HP: 40/40 MP: 3/3
  1291 | D:3      | Found a transporter.
  1313 | D:3      | Found a transporter.
  1321 | D:3      | Noticed a small abomination
  1321 | D:3      | Noticed AceOff's ghost (novice FoFi)
  1332 | D:3      | Noticed a small abomination
  1359 | D:3      | Found a glowing drain.
  1391 | Sewer    | Entered a sewer
  1441 | Sewer    | Reached skill level 4 in Axes
  1565 | Sewer    | Reached XP level 5. HP: 38/46 MP: 4/4
  1615 | Sewer    | Reached skill level 5 in Axes
  1615 | Sewer    | Reached XP level 6. HP: 26/53 MP: 5/5
  1839 | D:3      | Found a faded altar of an unknown god.
  2002 | D:3      | Found a one-way gate to the infinite horrors of the Abyss.
  2148 | D:4      | Got Geqakhlae's Compilation of Molten Correspondence
  2168 | D:4      | Found an ornate altar of the Wu Jian Council.
  2198 | D:4      | Found the +6 Majin-Bo {spellvamp, MP+6 Int+6}
  2215 | D:4      | Found an ancient bone altar of Kikubaaqudgha.
  2215 | D:4      | Found a sparkling altar of Nemelex Xobeh.
  2226 | D:4      | Reached skill level 5 in Fighting
  2226 | D:4      | Reached skill level 5 in Armour
  2226 | D:4      | Reached skill level 5 in Shields
  2504 | D:4      | Found a shimmering altar of Xom.
  2504 | D:4      | Noticed Blork the orc
  2510 | D:4      | Killed Blork the orc
  2511 | D:4      | Reached XP level 7. HP: 59/61 MP: 6/6
  2530 | D:4      | Reached skill level 6 in Axes
  2643 | D:4      | Found a hazy altar of Hepliaklqana.
  2885 | D:5      | Entered Level 5 of the Dungeon
  3080 | D:5      | Noticed Edmund
  3094 | D:5      | Killed Edmund
  3293 | D:5      | Reached XP level 8. HP: 68/70 MP: 7/7
  3440 | D:5      | Reached skill level 7 in Axes
  3483 | D:5      | Found an opulent altar of Gozag.
  4006 | D:6      | Reached skill level 8 in Axes
  4440 | D:6      | Reached XP level 9. HP: 78/78 MP: 8/8
  4451 | D:6      | Reached skill level 5 in Dodging
  4585 | D:6      | Noticed Jeremiah
  4614 | D:6      | Killed Jeremiah
  4615 | D:6      | Reached skill level 9 in Axes
  5036 | D:6      | Found a shimmering blue altar of Sif Muna.
  5483 | D:7      | Found a staircase to the Ecumenical Temple.
  5507 | Temple   | Entered the Ecumenical Temple
  5514 | Temple   | Became a worshipper of the Shining One
  5744 | D:7      | Found a white marble altar of Elyvilon.
  5832 | D:7      | Gained mutation: Your body sometimes deteriorates upon
                  | taking damage. [potion of mutation]
  5832 | D:7      | Gained mutation: Potions are less effective at restoring
                  | your health. [potion of mutation]
  5832 | D:7      | Gained mutation: Your mind is acute. (Int +4, Str/Dex -1)
                  | [potion of mutation]
  5833 | D:7      | Lost mutation: Your mind is acute. (Int +4, Str/Dex -1)
                  | [potion of mutation]
  5833 | D:7      | Lost mutation: Your body sometimes deteriorates upon taking
                  | damage. [potion of mutation]
  5833 | D:7      | Lost mutation: Potions are less effective at restoring your
                  | health. [potion of mutation]
  5833 | D:7      | Gained mutation: You are dopey. (Int -2) [potion of
                  | mutation]
  5865 | D:8      | Found a sand-covered staircase.
  5875 | D:8      | Reached skill level 10 in Axes
  5889 | D:8      | Reached * piety under the Shining One
  5918 | Ossuary  | Entered an ossuary
  5939 | Ossuary  | Reached XP level 10. HP: 88/88 MP: 9/9
  5972 | Ossuary  | Reached ** piety under the Shining One
  6083 | D:8      | Reached *** piety under the Shining One
  6112 | D:8      | Reached skill level 1 in Invocations
  6386 | D:8      | Found Anifrihe's Book Shoppe.
  6532 | D:8      | Reached **** piety under the Shining One
  6536 | D:8      | Reached skill level 11 in Axes
  6789 | D:9      | Found Iritinog's Lightly-Used Armoury.
  6821 | D:9      | Found Coopnuol's Weapon Shoppe.
  7035 | D:9      | Bought a +0 broad axe of electrocution for 192 gold pieces
  7289 | D:9      | Noticed Maurice
  7293 | D:9      | Maurice stole 139 gold
  7300 | D:9      | Maurice stole 5 throwing nets
  7320 | D:9      | Maurice stole 3 throwing nets
  7322 | D:9      | Maurice stole a +0 broad axe of electrocution
  7323 | D:9      | Killed Maurice
  7337 | D:9      | Found a flagged portal.
  7343 | Bailey   | Entered a bailey
  7566 | Bailey   | Noticed a two-headed ogre
  7577 | Bailey   | Killed a two-headed ogre
  7578 | Bailey   | Reached XP level 11. HP: 69/97 MP: 12/12
  7647 | Bailey   | Reached skill level 12 in Axes
  7930 | D:10     | Entered Level 10 of the Dungeon
  7940 | D:10     | Noticed a fire crab
  8007 | D:10     | Killed a fire crab
  8186 | D:10     | Found a staircase to the Lair.
  8287 | D:10     | Found a staircase to the Orcish Mines.
  8320 | D:10     | Found Forphuh's Magic Scroll Boutique.
  8323 | D:10     | Bought a scroll of enchant weapon for 112 gold pieces
  8323 | D:10     | Bought a scroll of teleportation for 45 gold pieces
  8323 | D:10     | Bought a scroll of identify for 30 gold pieces
  8361 | D:10     | Reached ***** piety under the Shining One
  8573 | D:10     | Found a runed translucent door.
  8573 | D:10     | Found a shimmering altar of Xom.
  8573 | D:10     | Noticed a +2 hand axe of chaos
  8573 | D:10     | Noticed bumbalina's ghost (journeyman DsHu)
  8758 | Lair:1   | Entered Level 1 of the Lair of Beasts
  8791 | Lair:1   | Reached skill level 10 in Fighting
  8791 | Lair:1   | Reached skill level 13 in Axes
  8791 | Lair:1   | Reached skill level 10 in Armour
  8974 | Lair:1   | Reached XP level 12. HP: 106/106 MP: 14/14
  9008 | Lair:1   | Reached skill level 10 in Shields
  9032 | Lair:1   | Reached skill level 5 in Invocations
  9366 | Lair:1   | Reached skill level 14 in Axes
  9868 | Lair:1   | Lost mutation: You are dopey. (Int -2) [potion of mutation]
  9868 | Lair:1   | Gained mutation: Armour fits poorly on your strangely
                  | shaped body. [potion of mutation]
  9868 | Lair:1   | Gained mutation: You have hidden genetic defects. [potion
                  | of mutation]
  9869 | Lair:1   | Lost mutation: You have hidden genetic defects. [potion of
                  | mutation]
  9869 | Lair:1   | Lost mutation: Armour fits poorly on your strangely shaped
                  | body. [potion of mutation]
  9869 | Lair:1   | Gained mutation: You occasionally shout uncontrollably at
                  | your foes. [potion of mutation]
  9869 | Lair:1   | Gained mutation: Your mind is acute. (Int +4, Str/Dex -1)
                  | [potion of mutation]
  9869 | Lair:1   | Gained mutation: You are partially covered in iridescent
                  | scales. (AC +2) [potion of mutation]
  9870 | Lair:1   | Lost mutation: You are partially covered in iridescent
                  | scales. (AC +2) [potion of mutation]
  9870 | Lair:1   | Lost mutation: You occasionally shout uncontrollably at
                  | your foes. [potion of mutation]
  9870 | Lair:1   | Lost mutation: Your mind is acute. (Int +4, Str/Dex -1)
                  | [potion of mutation]
  9870 | Lair:1   | Gained mutation: You are agile. (Dex +4, Str/Int -1)
                  | [potion of mutation]
  9870 | Lair:1   | Gained mutation: You sometimes lose your temper in combat.
                  | [potion of mutation]
  9870 | Lair:1   | Gained mutation: Your spells are a little easier to cast,
                  | but a little less powerful. [potion of mutation]
  9870 | Lair:1   | Gained mutation: You are partially covered in iridescent
                  | scales. (AC +2) [potion of mutation]
 10061 | Lair:2   | Found a staircase to the Snake Pit.
 10579 | Lair:2   | Noticed a six-headed hydra
 10656 | Lair:2   | Killed a three-headed hydra
 10657 | Lair:2   | Reached XP level 13. HP: 116/116 MP: 16/16
 11149 | Lair:2   | Reached skill level 15 in Axes
 11486 | Lair:3   | Noticed Amaemon
 11496 | Lair:3   | Killed Amaemon
 12303 | Lair:3   | Reached skill level 10 in Dodging
 12357 | Lair:3   | Found a staircase to the Swamp.
 12736 | Lair:4   | Found a sacrificial altar of Ru.
 12759 | Lair:4   | Noticed Nessos
 12767 | Lair:4   | Reached ****** piety under the Shining One
 12827 | Lair:4   | Killed Nessos
 12828 | Lair:4   | Reached skill level 16 in Axes
 13226 | Lair:5   | Entered Level 5 of the Lair of Beasts
 13288 | Lair:5   | Reached XP level 14. HP: 121/126 MP: 18/18
 13440 | Lair:5   | Found a gate leading to a gauntlet.
 13449 | Gauntlet | Entered a Gauntlet
 13449 | Gauntlet | Found a transporter.
 13449 | Gauntlet | Found a transporter.
 13449 | Gauntlet | Found a transporter.
 13450 | Gauntlet | Found a transporter.
 13453 | Gauntlet | Found a transporter.
 13463 | Gauntlet | Found a transporter.
 13479 | Gauntlet | Found a transporter.
 13486 | Gauntlet | Found a transporter.
 13507 | Gauntlet | Found a transporter.
 13509 | Gauntlet | Found a large runed translucent door.
 13510 | Gauntlet | Found a large runed translucent door.
 13511 | Gauntlet | Found a large runed translucent door.
 13511 | Gauntlet | Found a large runed translucent door.
 13512 | Gauntlet | Found a runed translucent gate.
 13513 | Gauntlet | Found a transporter.
 13513 | Gauntlet | Found a runed translucent gate.
 13514 | Gauntlet | Found a runed translucent gate.
 13515 | Gauntlet | Found a large runed translucent door.
 13515 | Gauntlet | Found a large runed translucent door.
 13516 | Gauntlet | Found a large runed translucent door.
 13517 | Gauntlet | Found a large runed translucent door.
 13526 | Gauntlet | Found a large runed translucent door.
 13526 | Gauntlet | Found a large runed translucent door.
 13526 | Gauntlet | Found a runed translucent door.
 13526 | Gauntlet | Found a runed translucent door.
 13527 | Gauntlet | Found a large runed translucent door.
 13528 | Gauntlet | Found a large runed translucent door.
 13530 | Gauntlet | Found a transporter.
 13586 | Gauntlet | Found a transporter.
 13621 | Gauntlet | Found a large runed translucent door.
 13622 | Gauntlet | Found a large runed translucent door.
 13623 | Gauntlet | Found a large runed translucent door.
 13623 | Gauntlet | Found a large runed translucent door.
 13777 | Gauntlet | Identified the amulet "Ohycat" {Regen+ MP+9 Dex+2}
 13841 | Gauntlet | Identified the +3 arbalest of Olexo {penet, rC+}
 14089 | Lair:5   | Found a viscous altar of Jiyva.
 14089 | Lair:5   | Found a staircase to the Slime Pits.
 14686 | Lair:5   | Identified a scroll of acquirement
 14686 | Lair:5   | Acquired the +0 hat "Yrrody" {rElec Dex-4}
 14748 | Lair:5   | Reached skill level 17 in Axes
 15204 | D:11     | Noticed a lich
 15204 | D:11     | Noticed TobyConnect's ghost (journeyman TeAE)
 15205 | D:11     | Noticed a stone giant
 15206 | D:11     | Noticed a frost giant
 15234 | D:11     | Found a runed translucent door.
 15240 | D:11     | Found a runed translucent door.
 16819 | Abyss:3  | Cast into level 3 of the Abyss (an occultist)
 16941 | Abyss:3  | Reached XP level 15. HP: 135/136 MP: 20/20
 17277 | Abyss:3  | Paralysed by an apocalypse crab for 1 turns
 17320 | D:13     | Escaped the Abyss
 17519 | D:13     | Reached skill level 18 in Axes
 18013 | D:14     | Lost mutation: You are partially covered in iridescent
                  | scales. (AC +2) [potion of mutation]
 18013 | D:14     | Lost mutation: You sometimes lose your temper in combat.
                  | [potion of mutation]
 18013 | D:14     | Gained mutation: You occasionally lose the ability to read
                  | scrolls when taking damage. [potion of mutation]
 18014 | D:14     | Lost mutation: You occasionally lose the ability to read
                  | scrolls when taking damage. [potion of mutation]
 18014 | D:14     | Lost mutation: Your spells are a little easier to cast, but
                  | a little less powerful. [potion of mutation]
 18014 | D:14     | Lost mutation: You are agile. (Dex +4, Str/Int -1) [potion
                  | of mutation]
 18014 | D:14     | Gained mutation: You expend magic power (3 MP) to
                  | strengthen your wands. [potion of mutation]
 18014 | D:14     | Gained mutation: Your spells are a little harder to cast,
                  | but a little more powerful. [potion of mutation]
 18387 | D:14     | Found a gate to the Vaults.
 18676 | D:15     | Entered Level 15 of the Dungeon
 18950 | D:15     | Found a hazy altar of Hepliaklqana.
 19185 | D:15     | Noticed Josephine
 19204 | D:15     | Killed Josephine
 19313 | D:15     | Found a staircase to the Depths.
 19517 | D:15     | Found a portal to a secret trove of treasure.
 19789 | D:15     | Found a runed translucent gate.
 19790 | D:15     | Found a runed translucent gate.
 19791 | D:15     | Found a runed translucent gate.
 19791 | D:15     | Noticed a frost giant
 19792 | D:15     | Found an iron altar of Okawaru.
 19792 | D:15     | Noticed Behejivea's ghost (adept DsEE)
 20257 | D:3      | Killed AceOff's ghost
 20489 | D:10     | Killed bumbalina's ghost
 20652 | D:11     | Reached XP level 16. HP: 147/147 MP: 16/22
 20659 | D:11     | Killed a lich
 20670 | D:11     | Killed TobyConnect's ghost
 20694 | D:11     | Killed from afar by a frost giant

Illustrated notes

Levels and vault maps discovered:
D:1:      lightli_arrival_quake, layout_rooms
D:2:      layout_basic, uniq_robin
D:3:      layout_rooms, basic_ecumenical_altar, cheibrodos_sewer_entry_bend,
          gammafunk_ghost_abyssal_escape, chequers_serial_rivers_micro_b
D:4:      layout_rooms, mainiacjoe_overflow_small_starburst,
          jmf_multi_god_temple, nicolae_overflow_crystal_walls,
          xom_confusion_cloud, uniq_blork_the_orc
D:5:      layout_gridville, kennysheep_mini, uniq_edmund
D:6:      layout_layer_cave, nicolae_sif_muna_little_library,
          minmay_a_box_with_orc_wizards_in_it, uniq_jeremiah
D:7:      layout_loops_cross, lemuel_coloured_pillars_altar,
          minmay_temple_entry_fiery
D:8:      layout_loops_ring, serial_shops, nicolae_shop_pleasant_corner_grove,
          enter_ossuary_1, serial_undead, serial_undead_a, serial_undead_c,
          serial_undead_e, serial_undead_d, serial_undead_d
D:9:      layout_roguey, enter_bailey_4, minmay_shop_damaged,
          nicolae_inconvenience_store, uniq_maurice
D:10:     layout_cave_pools, minmay_lair_entry_lava, ebering_ghost_xom,
          serial_shops, nicolae_shop_behind_doors
D:11:     layout_basic, muffindrake_ghost_dual_entry, nicolae_zig_zag_zippers
D:12:     layout_roguey
D:13:     minmay_wizard_corner, layout_gridville, kennysheep_generic_room_4
D:14:     layout_loops_corners, david_vaults_4, chequers_serial_rivers_micro_d
D:15:     grunt_enter_depths_magical_seal, layout_irregular_city,
          palyth_stone_intersect, gammafunk_ghost_fury_of_okawaru,
          enter_trove_2, nicolae_hepliaklqana_hazy_memory, uniq_josephine
Temple:   nicolae_temple_ecumenical_triangle
Lair:1:   layout_chaotic_city, beast_lair_carwin_8, infiniplex_staircase_pool_2,
          grunt_megastairs_4
Lair:2:   beast_lair_carwin_large_2, layout_loops_ring,
          minmay_snake_entry_guardpost_small, pdpol_lair_cavern_descent,
          grunt_megastairs_2
Lair:3:   layout_loops_ring, mainiacjoe_swamp_entry_angry_trees,
          serial_bayou_shore_b, uniq_amaemon
Lair:4:   layout_hall_layers, basic_altar, grunt_forest_stairs_clearing,
          serial_bayou_shore_a, uniq_nessos
Lair:5:   minmay_lair_end_frog_pond, layout_gridlike,
          nicolae_slime_entry_slimehenge, gauntlet_entry_generic,
          eino_small_chamber_without_monster

Skill      XL: |  1  2  3  4  5  6  7  8  9 10 11 12 13 14 15 16 |
---------------+-------------------------------------------------+-----
Axes           | 3 4 5 6 8 10 11 13 14 16 17 18 | 18.9
Armour         | 4 5 6 8 9 10 11 12 13 14 | 14.3
Dodging        | 1 2 3 4 6 7 8 9 10 11 12 | 12.4
Fighting       | 4 5 6 8 9 10 11 12 13 14 | 14.5
Shields        | 4 5 6 7 8 9 11 12 13 14 | 14.0
Invocations    | 3 4 6 7 8 9 |  9.9

Action                     |  1- 3 |  4- 6 |  7- 9 | 10-12 | 13-15 | 16-18 || total
---------------------------+-------+-------+-------+-------+-------+-------++-------
  Melee: War axe           |    15 |       |       |       |       |       ||    15
         Headbutt          |     9 |    12 |    77 |   179 |   444 |     3 ||   724
         Hand axe          |    53 |    83 |   335 |   601 |  1286 |     7 ||  2365
         Unarmed           |       |       |       |       |     1 |       ||     1
 Invoke: Summon Divine War |       |       |       |       |     2 |       ||     2
  Evoke: Wand              |       |       |       |       |    10 |       ||    10
    Use: Scroll            |     2 |     8 |     4 |     8 |    13 |       ||    35
         Potion            |       |       |     2 |     7 |     7 |       ||    16
 Armour: Scale mail        |    41 |       |       |       |   430 |    12 ||   483
         Chain mail        |       |    88 |   222 |       |       |       ||   310
         Leather armour    |       |       |    24 |   323 |   205 |       ||   552
         Skin              |       |       |       |       |     1 |       ||     1
  Dodge: Dodged            |    34 |    49 |   126 |   316 |   470 |     2 ||   997
  Block: Buckler           |    11 |    33 |    74 |   151 |       |       ||   269
         Kite shield       |       |       |       |       |   712 |     4 ||   716

Table legend: (Time is in decaauts)
 A = Elapsed time spent in this place.
 B = Non-inter-level travel time spent in this place.
 C = Inter-level travel time spent in this place.
 D = Time resting spent in this place.
 E = Time spent auto-exploring this place.
 F = Levels seen in this place.
 G = Mean time per level.
                   A        B        C        D        E       F      G
               +--------+--------+--------+--------+--------+-----+--------+
         Total |  20366 |  19364 |   1002 |   3324 |  11424 |  26 |  783.3 |
       Dungeon |  13096 |  12350 |    746 |   1715 |   8197 |  15 |  873.1 |
        Temple |     14 |      7 |      7 |      0 |      0 |   1 |   14.0 |
          Lair |   5381 |   5132 |    249 |    957 |   2912 |   5 | 1076.2 |
         Abyss |    447 |    447 |      0 |    252 |      4 |   1 |  447.0 |
         Sewer |    408 |    408 |      0 |     95 |     71 |   1 |  408.0 |
       Ossuary |    139 |    139 |      0 |      0 |     74 |   1 |  139.0 |
        Bailey |    417 |    417 |      0 |    189 |     10 |   1 |  417.0 |
      Gauntlet |    462 |    462 |      0 |    116 |    156 |   1 |  462.0 |
               +--------+--------+--------+--------+--------+-----+--------+

Top non-repeatable levels by time:
     D:6: 1421 daAuts
  Lair:2: 1220 daAuts
  Lair:1: 1193 daAuts
    D:15: 1157 daAuts
  Lair:3: 1112 daAuts
    D:11: 1049 daAuts
    D:14: 1046 daAuts
     D:9: 1035 daAuts
  Lair:5: 1013 daAuts
    D:10: 858 daAuts
    D:13: 853 daAuts
  Lair:4: 841 daAuts
     D:5: 820 daAuts
     D:7: 820 daAuts
     D:4: 816 daAuts
